AoeStats
← Reis

Arena

504831233Analyzed
4v4 RM · 27d ago on Sep 6, 2026· 32m 40s· 8 players
Game mode
Random Map
Map size
Large (8 player)
Population
200
Speed
Normal
Resources
Standard
Victory
Conquest
Starting age
Dark Age
Ending age
Imperial Age
RankedLock teamsTeams togetherTeam positionsShared explorationLock speedFull tech treeHidden civsTurbo modeCheats
Victory
Defeat
🇦🇷 Italians · Argentina
1506
+13
🇨🇳 Tatars · China
1500
+13
🇨🇱 Persians · Chile
1493
+13
🇲🇽 Malians · Mexico
1364
+20
🇨🇭 Bulgarians · Switzerland
1440
-15
🇩🇪 Persians · Germany
1440
-15
🇹🇷 Spanish · Türkiye
1437
-15
🇲🇽 Teutons · Mexico
1411
-14
Seifer
4:17 Loom
8:33 Feudal Age
9:12 Town Watch
9:13 Double-Bit Axe
12:48 Horse Collar
16:03 Fletching
23:19 Castle Age
21:13 Stone Mining
24:39 Wheelbarrow
28:35 Gold Mining
31:33 Imperial Age
30:48 Masonry
32:10 Ballistics
32:27 Bodkin Arrow
M*rpheu$
10:27 Feudal Age
15:06 Castle Age
13:32 Double-Bit Axe
14:38 Gold Mining
14:56 Horse Collar
20:25 Heavy Plow
22:19 Bow Saw
23:59 Wheelbarrow
24:59 Crossbowman
26:20 Gold Shaft Mining
26:02 Fletching
26:12 Padded Archer Armor
26:07 Town Watch
29:23 Imperial Age
29:29 Imperial Age
27:17 Leather Archer Armor
27:25 Ballistics
27:38 Thumb Ring
27:57 Hand Cart
27:42 Town Patrol
27:28 Loom
28:23 Stone Mining
29:49 Stone Shaft Mining
29:17 Town Patrol
29:15 Bodkin Arrow
30:36 Ring Archer Armor
31:08 Chemistry
Reis
10:08 Feudal Age
14:37 Castle Age
14:17 Scale Barding Armor
14:50 Loom
22:31 Fletching
mRt_Khan
11:23 Feudal Age
15:37 Castle Age
14:04 Double-Bit Axe
15:35 Horse Collar
16:45 Bow Saw
23:52 Wheelbarrow
24:02 Town Watch
30:37 Imperial Age
27:53 Loom
28:47 Scale Mail Armor
28:58 Forging
29:05 Gold Mining
29:41 Hand Cart
30:27 Chain Mail Armor
31:36 Iron Casting
30:55 Pikeman
31:35 Squires
31:21 Arson
31:22 Gambesons
32:08 Plate Mail Armor
31:59 Conscription
32:01 Supremacy
32:16 Halberdier
32:44 Gambesons
La Calabaza
9:41 Feudal Age
10:48 Loom
14:45 Castle Age
13:40 Double-Bit Axe
16:22 Town Watch
21:28 Scale Mail Armor
23:49 Horse Collar
28:13 Bow Saw
32:06 Wheelbarrow
33:01 Heavy Plow
[CL]Andrectho
10:41 Feudal Age
14:33 Castle Age
12:50 Horse Collar
13:17 Double-Bit Axe
16:31 Bow Saw
19:08 Town Watch
19:09 Loom
23:57 Wheelbarrow
23:28 Heavy Plow
26:22 Gold Mining
32:09 Imperial Age
29:53 Husbandry
30:09 Bloodlines
30:24 Scale Barding Armor
30:30 Forging
31:54 Chain Barding Armor
31:52 Cavalier
32:55 Padded Archer Armor
啦啦啦啦啦啦
10:40 Feudal Age
11:55 Double-Bit Axe
12:19 Horse Collar
15:51 Castle Age
16:48 Bow Saw
16:39 Heavy Plow
22:17 Loom
23:08 Wheelbarrow
23:43 Town Watch
24:54 Hand Cart
30:14 Imperial Age
28:07 Forging
28:24 Scale Barding Armor
28:41 Bloodlines
28:31 Husbandry
30:05 Iron Casting
29:53 Chain Barding Armor
29:35 Silk Armor
30:31 Elite Steppe Lancer
32:15 Blast Furnace
32:51 Plate Barding Armor
Sick Porky Stoner
7:16 Loom
10:23 Feudal Age
15:22 Castle Age
21:11 Fletching
22:32 Double-Bit Axe
22:53 Bodkin Arrow
26:15 Wheelbarrow
25:42 Gold Mining
30:27 Imperial Age
29:35 Horse Collar
30:35 Town Watch
31:27 Bracer
Connection lost

Rejoining the realm…

Still unreachable

The connection could not be restored.

Session expired

The server has moved on; the page needs a fresh start.